 Dungeon Crawl Stone Soup version 0.31-a0-931-g7b59d4eb97 (webtiles) character file.

Game seed: 16946872454606571827

107 IdlyInterested the Trooper (level 4, -2/35 HPs)
             Began as a Demonspawn Fighter on Oct 19, 2023.
             Slain by a hell rat (6 damage)
             ... in a sewer.
             The game lasted 00:04:04 (903 turns).

IdlyInterested the Trooper (Demonspawn Fighter)      Turns: 903, Time: 00:04:04

Health: -2/35      AC:  9    Str: 16    XL:     4   Next: 56%
Magic:  4/4        EV: 14    Int: 10    God:
Gold:   88         SH:  5    Dex: 14    Spells: 3/3 levels left

rFire   . . .        a - +0 rapier
rCold   . . .        c - +0 buckler
rNeg    . . .        b - +0 scale mail
rPois   .            (no helmet)
rElec   .            (no cloak)
rCorr   .            (no gloves)
SInv    .            (no boots)
Will    .....        (no amulet) Stlth
                     l - +5 ring of evasion
HPRegen 0.25/turn    (no ring)
MPRegen 0.09/turn

%: no passive effects
@: hasted, very quick
A: thin metallic scales 2
a: no special abilities


You were in a sewer.
You visited 1 branch of the dungeon, and saw 3 of its levels.
You also visited: Sewer.

You collected 88 gold pieces.

Inventory:

Hand Weapons
 a - a +0 rapier (weapon)
Missiles
 g - 12 stones (quivered)
Armour
 b - a +0 scale mail (worn)
 c - a +0 buckler (worn)
Jewellery
 l - a +5 ring of evasion (left hand)
Scrolls
 d - a scroll of fog {unknown}
 h - a scroll of identify
 o - a scroll of enchant armour
Potions
 e - a potion of attraction
 f - a potion of enlightenment
 j - a potion of heal wounds {unknown}
 k - a potion of brilliance {unknown}
 n - a potion of haste
 p - a potion of curing {unknown}


   Skills:
 - Level 3.0 Fighting
 - Level 3.0 Short Blades
 - Level 3.0 Armour
 + Level 2.4 Dodging
 - Level 3.0 Shields


You had 3 spell levels left.
You didn't know any spells.
Your spell library contained the following spells:

 Spells                   Type           Power      Damage    Failure   Level
 Call Canine Familiar     Summ           0%         N/A       99%         3
 Sigil of Binding         Hex            0%         N/A       99%         3
 Dimensional Bullseye     Hex/Tloc       0%         N/A       100%        4
 Leda's Liquefaction      Hex/Erth       0%         N/A       100%        4


Dungeon Overview and Level Annotations

Branches:
Dungeon (4/15)              Sewer (1/1)
 Temple: D:4-7

Altars:


Innate Abilities, Weirdness & Mutations

You are mostly covered in thin metallic scales. (AC +3)


Message History

You enter the shallow water.
Moving in this stuff is going to be slow.
You enter the shallow water.
Moving in this stuff is going to be slow.
A rat comes into view.
The rat bites you. The rat completely misses you.
You closely miss the rat. The rat misses you.
You hit the rat.
You kill the rat!
You enter the shallow water.
Moving in this stuff is going to be slow.
You see here a rat corpse.
You enter the shallow water.
Moving in this stuff is going to be slow.
You enter the shallow water.
Moving in this stuff is going to be slow.
You see here a rat corpse.
You enter the shallow water.
Moving in this stuff is going to be slow.
You see here a rat corpse.
You open the door.
A hell rat comes into view.
The hell rat roars deafeningly!
Found six items.
Found a gate leading back out of this place.
Throw: 13 stones
Press: ? - help, Q - select action Shift-Dir - straight line, f - hell rat
Aim: a hell rat (56% to hit)
You throw a stone.
The stone hits the hell rat but does no damage.
Throw: 12 stones
Press: ? - help, Q - select action Shift-Dir - straight line, f/p - hell rat
Aim: a hell rat (56% to hit)
Okay, then.
There is an open door here.
You hit the hell rat but do no damage. The hell rat bites you! x2
* * * LOW HITPOINT WARNING * * *
It was a potion of haste.
You feel yourself speed up. The hell rat bites you.
You die...

###~.~###
#~~~~...#
##..†.~..##
#~.~###~.~#
##~~##.##~.##
#~..#.~.#~~.#
#~.##~.?##~.#
#.~#.~~??#.~#
#~†@r~~?∩#∩∩#
#..#.~~!?#.~#
#~~##~.!##~.#
#~.~#.~~#~~~#
##~.##~##~.##
#~~.###.~.#
##...~~~.##
#~.~...~#
###~~.###


You could see a hell rat.

Vanquished Creatures
  A jelly (D:4)
  An iguana (D:4)
  A river rat (Sewer)
  2 adders (D:4)
  A dart slug (D:1)
  A ball python (D:2)
  An endoplasm (D:4)
  5 giant cockroaches
  2 bats (D:1)
  4 frilled lizards
  3 kobolds
  8 rats
30 creatures vanquished.

Notes
Turn   | Place    | Note
-------+----------+-------------------------------------------
     0 | D:1      | IdlyInterested the Demonspawn Fighter began the quest for
                  | the Orb.
     0 | D:1      | Reached XP level 1. HP: 18/18 MP: 1/1
   276 | D:1      | Gained mutation: You are partially covered in thin metallic
                  | scales. (AC +2) [demonic ancestry]
   276 | D:1      | Reached XP level 2. HP: 24/24 MP: 2/2
   663 | D:2      | You fall into a shaft and drop 2 floors!
   707 | D:4      | Gained mutation: You are mostly covered in thin metallic
                  | scales. (AC +3) [demonic ancestry]
   707 | D:4      | Reached XP level 3. HP: 5/29 MP: 3/3
   716 | D:4      | Reached skill level 1 in Dodging
   716 | D:4      | Reached XP level 4. HP: 8/35 MP: 4/4
   767 | D:4      | Found a glowing drain.
   774 | Sewer    | Entered a sewer
   903 | Sewer    | Slain by a hell rat

Illustrated notes

Levels and vault maps discovered:
D:1:      psy_arrival_terrarium, layout_rooms, minmay_heptomino_h4
D:2:      layout_loops_ring, st_stairs_8, kennysheep_flooded_box,
          minmay_misc_feat_four_crosses, uniq_robin, uniq_jessica
D:4:      layout_rooms, serial_shops, shop, gup_sewer_entry_bubbles,
          kennysheep_opposing_triangles
Sewer:    sewer_hellmonk_bad_rat

Skill      XL: |  1  2  3  4 |
---------------+-------------+-----
Short Blades   | 2 3 |  3.0
Armour         | 3 |  3.0
Shields        | 3 |  3.0
Dodging        | 1 2 |  2.4
Fighting       | |  3.0

Action                     |  1- 3 |  4- 6 || total
---------------------------+-------+-------++-------
  Melee: Rapier            |    75 |    24 ||    99
  Throw: Stone             |     1 |     5 ||     6
    Use: Scroll            |     6 |       ||     6
         Potion            |     1 |     1 ||     2
 Armour: Scale mail        |    37 |    10 ||    47
  Dodge: Dodged            |    44 |    12 ||    56
  Block: Buckler           |    11 |     3 ||    14

Table legend: (Time is in decaauts)
 A = Elapsed time spent in this place.
 B = Non-inter-level travel time spent in this place.
 C = Inter-level travel time spent in this place.
 D = Time resting spent in this place.
 E = Time spent auto-exploring this place.
 F = Levels seen in this place.
 G = Mean time per level.
                   A        B        C        D        E       F      G
               +--------+--------+--------+--------+--------+-----+--------+
         Total |    936 |    876 |     60 |     67 |    434 |   4 |  234.0 |
       Dungeon |    797 |    737 |     60 |      4 |    403 |   3 |  265.7 |
         Sewer |    138 |    138 |      0 |     63 |     31 |   1 |  138.0 |
               +--------+--------+--------+--------+--------+-----+--------+

Top non-repeatable levels by time:
     D:1: 577 daAuts
   Sewer: 138 daAuts
     D:4: 128 daAuts
     D:2: 92 daAuts
